[Event "30th Abu Dhabi Festival A-Open 2024"]
[Site "Abu Dhabi"]
[Date "2024.08.19"]
[Round "4.7"]
[White "Samimi, Armin"]
[Black "Aditya Varun Gampa"]
[Result "1/2-1/2"]
[ECO "A13"]
[WhiteElo "2012"]
[BlackElo "2261"]
[Annotator "RC"]
[PlyCount "33"]
[EventDate "2024.08.15"]
[EventType "swiss"]
[EventCountry "UAE"]
[SourceTitle "playchess.com"]
[Source "ChessBase"]
[SourceQuality "1"]
[TimeControl "5400+30"]

1. c4 e6 2. g3 d5 3. Bg2 Nf6 4. Nf3 dxc4 5. Qa4+ Nbd7 6. Qxc4 a6 7. Qb3 Rb8 8. a4 c5 9. d3 Bd6 10. a5 O-O 11. Nbd2 b5 12. axb6 Nxb6 13. O-O Bb7 14. Nc4 Nxc4 15. Qxc4 Bd5 16. Qc3 Qb6 17. Qa5 1/2-1/2

[Event "30th Abu Dhabi Festival A-Open 2024"]
[Site "Abu Dhabi"]
[Date "2024.08.19"]
[Round "4.8"]
[White "Andreasyan, Edgar"]
[Black "Hamidov, Allahverdi"]
[Result "0-1"]
[ECO "D37"]
[WhiteElo "2027"]
[BlackElo "2253"]
[Annotator "RC"]
[PlyCount "134"]
[EventDate "2024.08.15"]
[EventType "swiss"]
[EventCountry "UAE"]
[SourceTitle "playchess.com"]
[Source "ChessBase"]
[SourceQuality "1"]
[TimeControl "5400+30"]

1. d4 d5 2. c4 e6 3. Nc3 Nf6 4. Nf3 Be7 5. Bf4 O-O 6. e3 c5 7. dxc5 Bxc5 8. cxd5 Nxd5 9. Nxd5 exd5 10. Bd3 Bb6 11. O-O Nc6 12. a3 Qf6 13. b4 h6 14. b5 Nd4 15. Nxd4 Bxd4 16. Ra2 Be5 17. Bxe5 Qxe5 18. Bb1 Be6 19. Rd2 Rfc8 20. Rd4 Rc3 21. a4 Rc4 22. Qd3 g6 23. f4 Rxd4 24. exd4 Qf6 25. f5 gxf5 26. Qd2 Rc8 27. Bxf5 Bxf5 28. Qf4 Rc4 29. Qxf5 Qxf5 30. Rxf5 Rxd4 31. b6 axb6 32. Rf6 Kg7 33. Rxb6 Rxa4 34. Rxb7 Ra2 35. Rd7 Rd2 36. Rd6 f6 37. h4 Kg6 38. Kh2 Kf5 39. Kg3 Rd4 40. Rd8 Rd3+ 41. Kf2 Kf4 42. Ke2 Re3+ 43. Kf2 Re5 44. g3+ Ke4 45. Rd6 Rf5+ 46. Ke2 h5 47. Rd8 Kd4 48. Rd6 Re5+ 49. Kd2 f5 50. Rh6 f4 51. gxf4 Rf5 52. Ke2 Ke4 53. Re6+ Kxf4 54. Rg6 Ke4 55. Re6+ Kd4 56. Rh6 Re5+ 57. Kf3 Rf5+ 58. Ke2 Ke4 59. Re6+ Re5 60. Rf6 Kd4+ 61. Kf3 Re4 62. Ra6 Ke5 63. Kg3 Rg4+ 64. Kh3 Rf4 65. Kg3 Rf5 66. Ra5 Ke4 67. Ra8 d4 0-1

[Event "30th Abu Dhabi Festival A-Open 2024"]
[Site "Abu Dhabi"]
[Date "2024.08.19"]
[Round "4.9"]
[White "Zhou, Yichen"]
[Black "Kuandykuly, Danis"]
[Result "1/2-1/2"]
[ECO "D38"]
[WhiteElo "2023"]
[BlackElo "2224"]
[Annotator "RC"]
[PlyCount "80"]
[EventDate "2024.08.15"]
[EventType "swiss"]
[EventCountry "UAE"]
[SourceTitle "playchess.com"]
[Source "ChessBase"]
[SourceQuality "1"]
[TimeControl "5400+30"]

1. d4 Nf6 2. c4 e6 3. Nf3 d5 4. Nc3 Bb4 5. cxd5 exd5 6. Bg5 h6 7. Bxf6 Qxf6 8. Qb3 Bxc3+ 9. bxc3 c6 10. e3 O-O 11. Bd3 Nd7 12. O-O Qe7 13. c4 dxc4 14. Bxc4 Nb6 15. Bd3 Be6 16. Qc2 Rac8 17. Rfc1 c5 18. dxc5 Nd7 19. Qa4 Nxc5 20. Qa3 b6 21. Nd4 Bd5 22. Bf1 Rfd8 23. Rd1 Qf6 24. Rac1 a6 25. Rc2 Be4 26. Rc3 Bb7 27. Rdc1 Ne4 28. R3c2 Rxc2 29. Rxc2 Ng5 30. f3 h5 31. Rc7 Rxd4 32. Rxb7 Rd2 33. Qc1 Rb2 34. Qc7 Qg6 35. Qg3 Rb1 36. h4 Qd3 37. Qxg5 Qxf1+ 38. Kh2 Qh1+ 39. Kg3 Qe1+ 40. Kh2 g6 1/2-1/2

[Event "30th Abu Dhabi Festival A-Open 2024"]
[Site "Abu Dhabi"]
[Date "2024.08.19"]
[Round "4.10"]
[White "Fadi, Marko"]
[Black "Poormosavi, Seyed Kanan"]
[Result "1/2-1/2"]
[ECO "B30"]
[WhiteElo "2221"]
[BlackElo "2034"]
[Annotator "RC"]
[PlyCount "53"]
[EventDate "2024.08.15"]
[EventType "swiss"]
[EventCountry "UAE"]
[SourceTitle "playchess.com"]
[Source "ChessBase"]
[SourceQuality "1"]
[TimeControl "5400+30"]

1. e4 c5 2. Nc3 e6 3. Nf3 Nc6 4. Bb5 Nd4 5. Bc4 a6 6. Nxd4 cxd4 7. Ne2 b5 8. Bb3 Bc5 9. d3 Ne7 10. c3 Nc6 11. O-O O-O 12. Bd2 Bb7 13. Rc1 Qb6 14. Kh1 f5 15. exf5 Rxf5 16. Ng3 Rff8 17. Ne4 dxc3 18. bxc3 Ba3 19. Rb1 Ne5 20. Qe2 Qc6 21. f3 Rac8 22. Rbe1 Kh8 23. Ng5 Nf7 24. Ne4 Nd6 25. Nf2 Nf5 26. Ng4 Bd6 27. d4 1/2-1/2

[Event "30th Abu Dhabi Festival A-Open 2024"]
[Site "Abu Dhabi"]
[Date "2024.08.19"]
[Round "4.11"]
[White "Ashwin Sairam"]
[Black "Talgatov, Nazar"]
[Result "0-1"]
[ECO "C45"]
[WhiteElo "1997"]
[BlackElo "2171"]
[Annotator "RC"]
[PlyCount "74"]
[EventDate "2024.08.15"]
[EventType "swiss"]
[EventCountry "UAE"]
[SourceTitle "playchess.com"]
[Source "ChessBase"]
[SourceQuality "1"]
[TimeControl "5400+30"]

1. e4 e5 2. Nf3 Nc6 3. d4 exd4 4. Nxd4 Nf6 5. Nxc6 bxc6 6. e5 Qe7 7. Qe2 Nd5 8. h4 a5 9. c4 Ba6 10. g3 f6 11. exf6 Nxf6 12. Be3 d5 13. Nd2 O-O-O 14. O-O-O Kb8 15. Qd3 a4 16. Qc2 Qb4 17. a3 Qa5 18. Bd4 Bb7 19. c5 Be7 20. Bh3 Bc8 21. b4 axb3 22. Nxb3 Qa4 23. Bb2 Bxh3 24. Rxh3 Ne4 25. Rd4 Qa6 26. Rh1 Rhf8 27. Nd2 Nxc5 28. Re1 Bd6 29. f3 Kc8 30. f4 Rde8 31. Rxe8+ Rxe8 32. Qxh7 Re1+ 33. Kc2 Kb7 34. Qg8 Ka7 35. h5 Qe2 36. Bc3 Qd1+ 37. Kb2 Qa1+ 0-1

[Event "30th Abu Dhabi Festival A-Open 2024"]
[Site "Abu Dhabi"]
[Date "2024.08.19"]
[Round "4.12"]
[White "Rzayev, Chingiz"]
[Black "Daulet, Alikhan"]
[Result "1-0"]
[ECO "B23"]
[WhiteElo "2134"]
[BlackElo "2008"]
[Annotator "RC"]
[PlyCount "108"]
[EventDate "2024.08.15"]
[EventType "swiss"]
[EventCountry "UAE"]
[SourceTitle "playchess.com"]
[Source "ChessBase"]
[SourceQuality "1"]
[TimeControl "5400+30"]

1. e4 c5 2. Nc3 g6 3. f4 Bg7 4. Nf3 Nc6 5. Bb5 Nd4 6. Nxd4 cxd4 7. Ne2 Nh6 8. O-O O-O 9. Qe1 d5 10. e5 f6 11. exf6 Rxf6 12. b3 Bf5 13. Bd3 Bxd3 14. cxd3 e5 15. Bb2 Qd6 16. Qh4 exf4 17. Rxf4 Re8 18. Rxf6 Qxf6 19. Qxf6 Bxf6 20. Bxd4 Rxe2 21. Bxf6 Ng4 22. Bc3 d4 23. Bxd4 Rxd2 24. Bxa7 Ne5 25. Be3 Re2 26. Bh6 Nxd3 27. Rf1 Re8 28. h3 Nc5 29. h4 Ne6 30. Rd1 Re7 31. b4 Kf7 32. b5 Nc5 33. Rf1+ Ke8 34. Bf8 Re5 35. Bd6 Rd5 36. Rf8+ Kd7 37. Bxc5 Rxc5 38. Rf7+ Kc8 39. Rxh7 Rxb5 40. Rh6 Rb6 41. Kh2 Ra6 42. h5 Kd7 43. Rxg6 Ra5 44. g4 Rxa2+ 45. Kg3 Ke8 46. Rb6 Ra7 47. Kh4 Kf7 48. Rb4 Kg7 49. Rb5 Kh7 50. Kg5 Kg7 51. h6+ Kh7 52. Kh5 Kg8 53. g5 Kh7 54. Rd5 b6 1-0

[Event "30th Abu Dhabi Festival A-Open 2024"]
[Site "Abu Dhabi"]
[Date "2024.08.20"]
[Round "5.1"]
[White "Dere Pushkar"]
[Black "Lad Mandar Pradip"]
[Result "0-1"]
[ECO "B90"]
[WhiteElo "2217"]
[BlackElo "2254"]
[Annotator "RC"]
[PlyCount "84"]
[EventDate "2024.08.15"]
[EventType "swiss"]
[EventCountry "UAE"]
[SourceTitle "playchess.com"]
[Source "ChessBase"]
[SourceQuality "1"]
[TimeControl "5400+30"]

1. e4 c5 2. Nf3 d6 3. d4 cxd4 4. Nxd4 Nf6 5. Nc3 a6 6. Rg1 h5 7. Be3 g6 8. h3 Bg7 9. Qd2 b5 10. a4 bxa4 11. Rxa4 Bd7 12. Ra3 a5 13. f4 Nc6 14. Nf3 O-O 15. Bd3 Nb4 16. f5 Nxd3+ 17. cxd3 e6 18. g4 exf5 19. gxf5 Be8 20. Nd4 Qe7 21. Bh6 Qe5 22. Nce2 d5 23. Bf4 Qe7 24. e5 Nh7 25. f6 Nxf6 26. exf6 Bxf6 27. Bg5 Bd7 28. Bxf6 Qxf6 29. Qg5 Qb6 30. Rb3 Qc5 31. Rb7 Rfe8 32. Kd2 Rab8 33. Rc1 Qd6 34. Rcc7 Rxb7 35. Rxb7 Bc8 36. Rb5 Ba6 37. Qxd5 Qe7 38. Rb3 Qe3+ 39. Kc2 Rc8+ 40. Kb1 Bxd3+ 41. Ka2 Qd2 42. Nf3 Bb1+ 0-1

[Event "30th Abu Dhabi Festival A-Open 2024"]
[Site "Abu Dhabi"]
[Date "2024.08.20"]
[Round "5.2"]
[White "Yeremyan, Alen"]
[Black "Md Imran"]
[Result "0-1"]
[ECO "B00"]
[WhiteElo "2279"]
[BlackElo "2225"]
[Annotator "RC"]
[PlyCount "82"]
[EventDate "2024.08.15"]
[EventType "swiss"]
[EventCountry "UAE"]
[SourceTitle "playchess.com"]
[Source "ChessBase"]
[SourceQuality "1"]
[TimeControl "5400+30"]

1. e4 e6 2. d3 b6 3. f4 Bb7 4. Nf3 c5 5. c3 Nf6 6. g3 Be7 7. Bg2 Nc6 8. O-O d5 9. e5 Nd7 10. a3 b5 11. Be3 Qc7 12. Nbd2 O-O 13. d4 Rac8 14. Bh3 cxd4 15. Nxd4 Nxd4 16. cxd4 g6 17. Qe2 b4 18. axb4 Bxb4 19. g4 a5 20. f5 Qc6 21. Rfc1 Qxc1+ 22. Rxc1 Rxc1+ 23. Nf1 Rc6 24. Bd2 Rc2 25. Qe3 Rxb2 26. Bxb4 Rxb4 27. f6 Kh8 28. Nd2 Ba6 29. Nf3 Rb1+ 30. Kf2 Rb2+ 31. Kg3 Rb7 32. Qa3 Be2 33. Ng5 h6 34. Nxe6 Rfb8 35. Qc1 Kh7 36. Nc5 Rb1 37. Qa3 Bc4 38. Qxa5 Nxc5 39. Qxc5 R8b3+ 40. Kf2 R1b2+ 41. Kg1 Rc3 0-1

[Event "30th Abu Dhabi Festival A-Open 2024"]
[Site "Abu Dhabi"]
[Date "2024.08.20"]
[Round "5.3"]
[White "Hamidov, Allahverdi"]
[Black "Barretto, Franz"]
[Result "0-1"]
[ECO "E88"]
[WhiteElo "2253"]
[BlackElo "2101"]
[Annotator "RC"]
[PlyCount "54"]
[EventDate "2024.08.15"]
[EventType "swiss"]
[EventCountry "UAE"]
[SourceTitle "playchess.com"]
[Source "ChessBase"]
[SourceQuality "1"]
[TimeControl "5400+30"]

1. d4 Nf6 2. c4 g6 3. Nc3 Bg7 4. e4 d6 5. f3 O-O 6. Be3 e5 7. d5 c6 8. Qd2 cxd5 9. cxd5 a6 10. O-O-O Nbd7 11. Kb1 b5 12. Rc1 Nb6 13. b3 Bd7 14. Nd1 a5 15. a3 Qb8 16. Nb2 Qb7 17. Bd3 Rfb8 18. Ne2 Nh5 19. g4 Nf4 20. Nxf4 exf4 21. Bxf4 Nc4 22. bxc4 bxc4 23. Rc3 cxd3 24. Bxd6 Ba4 25. e5 Bh6 26. g5 Bxg5 27. Rc7 Bxd2 0-1

[Event "30th Abu Dhabi Festival A-Open 2024"]
[Site "Abu Dhabi"]
[Date "2024.08.20"]
[Round "5.4"]
[White "Sham R"]
[Black "Manukyan, Sargis A."]
[Result "0-1"]
[ECO "B76"]
[WhiteElo "2103"]
[BlackElo "2211"]
[Annotator "RC"]
[PlyCount "96"]
[EventDate "2024.08.15"]
[EventType "swiss"]
[EventCountry "UAE"]
[SourceTitle "playchess.com"]
[Source "ChessBase"]
[SourceQuality "1"]
[TimeControl "5400+30"]

1. e4 c5 2. Nf3 d6 3. d4 cxd4 4. Nxd4 Nf6 5. Nc3 g6 6. Be3 Bg7 7. f3 O-O 8. Qd2 Nc6 9. O-O-O d5 10. exd5 Nxd5 11. Nxc6 bxc6 12. Bd4 Bxd4 13. Qxd4 Qb6 14. Na4 Qa5 15. b3 Qc7 16. h4 h5 17. Kb2 Nb6 18. Nc5 Bf5 19. Qe3 Nd5 20. Qd4 Rfd8 21. Bd3 Nf4 22. Qc3 Bxd3 23. Nxd3 Nxd3+ 24. Rxd3 Rxd3 25. Qxd3 Rd8 26. Qe3 Rd5 27. Re1 e6 28. Qc3 Qg3 29. Re2 c5 30. Qc4 Qd6 31. Re4 Rd1 32. Qc3 Rg1 33. Rc4 Qd1 34. Ka3 Rxg2 35. Rxc5 Rd2 36. Rc8+ Rd8 37. Rxd8+ Qxd8 38. Qb4 g5 39. hxg5 Qf8 40. c4 a5 41. Qxf8+ Kxf8 42. Ka4 h4 43. Kxa5 h3 44. b4 h2 45. c5 h1=Q 46. a4 Qe1 47. Kb5 Ke7 48. a5 Kd7 0-1

[Event "30th Abu Dhabi Festival A-Open 2024"]
[Site "Abu Dhabi"]
[Date "2024.08.20"]
[Round "5.5"]
[White "Abdullayev, Elshad"]
[Black "Rayes, Abdul Kader"]
[Result "1/2-1/2"]
[ECO "D03"]
[WhiteElo "2205"]
[BlackElo "2064"]
[Annotator "RC"]
[PlyCount "35"]
[EventDate "2024.08.15"]
[EventType "swiss"]
[EventCountry "UAE"]
[SourceTitle "playchess.com"]
[Source "ChessBase"]
[SourceQuality "1"]
[TimeControl "5400+30"]

1. Nf3 Nf6 2. d4 e6 3. Bg5 d5 4. Nbd2 Nbd7 5. e3 Be7 6. Bd3 a6 7. Qe2 c5 8. c3 b5 9. h4 Bb7 10. Ne5 c4 11. Bc2 Nxe5 12. dxe5 Nd7 13. Nf3 Qc7 14. Bf4 h6 15. h5 O-O-O 16. O-O Rdg8 17. Bg3 g5 18. Bf4 1/2-1/2

[Event "30th Abu Dhabi Festival A-Open 2024"]
[Site "Abu Dhabi"]
[Date "2024.08.20"]
[Round "5.6"]
[White "Talgatov, Nazar"]
[Black "Samimi, Armin"]
[Result "0-1"]
[ECO "B27"]
[WhiteElo "2171"]
[BlackElo "2012"]
[Annotator "RC"]
[PlyCount "150"]
[EventDate "2024.08.15"]
[EventType "swiss"]
[EventCountry "UAE"]
[SourceTitle "playchess.com"]
[Source "ChessBase"]
[SourceQuality "1"]
[TimeControl "5400+30"]

1. e4 c5 2. Nf3 g6 3. d4 cxd4 4. Qxd4 Nf6 5. e5 Nc6 6. Qa4 Nd5 7. Qe4 Nb6 8. Bb5 Bg7 9. O-O d5 10. Qh4 h6 11. Re1 e6 12. Qh3 Bd7 13. Na3 a6 14. Bf1 Qc7 15. Bf4 Ne7 16. Rac1 Bc6 17. c4 dxc4 18. Nxc4 Nxc4 19. Rxc4 Nd5 20. Bc1 Nb6 21. Rc2 Qe7 22. Nd4 Bd5 23. Bd2 Rc8 24. a3 Rxc2 25. Nxc2 Qd7 26. Bb4 Bf8 27. Qe3 Nc8 28. Rc1 Bxb4 29. Nxb4 Ne7 30. Qb6 O-O 31. Rc7 Qd8 32. Qc5 Nc6 33. Nxd5 exd5 34. Rxb7 Nxe5 35. Rb4 Qd7 36. Bxa6 Rd8 37. Rd4 Qf5 38. b4 Ra8 39. Qb5 Qg5 40. Rd1 Nf3+ 41. Kh1 Qf4 42. g3 Qe4 43. Qd3 Rxa6 44. Qxe4 dxe4 45. Ra1 Nd2 46. a4 Rb6 47. b5 Nb3 48. Rb1 Na5 49. Rc1 Kg7 50. Kg2 Kf6 51. Rc7 Ke6 52. f3 exf3+ 53. Kxf3 Rb7 54. Rc8 Kd5 55. g4 Nb3 56. Rd8+ Ke5 57. Re8+ Kd6 58. Rd8+ Ke7 59. Rc8 Ra7 60. b6 Rb7 61. Rh8 Rxb6 62. Rxh6 Kf6 63. Rh8 Ra6 64. Rb8 Nc5 65. h4 Rxa4 66. h5 Ra3+ 67. Kg2 Kg5 68. Rh8 Kxg4 69. h6 Rg3+ 70. Kf1 Rh3 71. h7 Ne6 72. Kg2 Ng5 73. Ra8 Rxh7 74. Ra4+ Kh5 75. Kg3 Kh6 0-1

[Event "30th Abu Dhabi Festival A-Open 2024"]
[Site "Abu Dhabi"]
[Date "2024.08.20"]
[Round "5.7"]
[White "Mohammed, Tarig Elther"]
[Black "Rzayev, Chingiz"]
[Result "0-1"]
[ECO "B01"]
[WhiteElo "2061"]
[BlackElo "2134"]
[Annotator "RC"]
[PlyCount "102"]
[EventDate "2024.08.15"]
[EventType "swiss"]
[EventCountry "UAE"]
[SourceTitle "playchess.com"]
[Source "ChessBase"]
[SourceQuality "1"]
[TimeControl "5400+30"]

1. e4 d5 2. exd5 Nf6 3. d4 Bg4 4. f3 Bf5 5. g4 Bg6 6. c4 e6 7. Nc3 Be7 8. dxe6 Nc6 9. Nge2 Nb4 10. Kf2 Nc2 11. Rb1 O-O 12. Bh3 fxe6 13. Bf4 Nb4 14. Ra1 Nd3+ 15. Kg2 Nxg4 16. Bxg4 Rxf4 17. Bxe6+ Kh8 18. Qxd3 Bxd3 19. Nxf4 Qxd4 20. Nxd3 Qxd3 21. Rhe1 Bh4 22. Re4 Rf8 23. Rf1 Qd2+ 24. Re2 Qd3 25. Re4 Bg5 26. Re2 Bd2 27. Rff2 Be3 28. Rf1 Bd2 29. Rff2 Bxc3 30. bxc3 Qg6+ 31. Kf1 Rd8 32. Bd5 c6 33. Be4 Rd1+ 34. Re1 Rxe1+ 35. Kxe1 Qg1+ 36. Ke2 g5 37. h3 a5 38. f4 gxf4 39. Rxf4 Qh2+ 40. Rf2 Qxh3 41. Kd2 Kg7 42. Bd3 h5 43. Bf1 Qh4 44. Rg2+ Kf6 45. Bd3 Qf4+ 46. Kc2 h4 47. Rg8 Qf2+ 48. Kb3 Qd2 49. Bc2 a4+ 50. Kb2 a3+ 51. Kb3 Qc1 0-1

[Event "30th Abu Dhabi Festival A-Open 2024"]
[Site "Abu Dhabi"]
[Date "2024.08.20"]
[Round "5.8"]
[White "Shen, Fuyan"]
[Black "Wang, Hao(Zj)"]
[Result "1-0"]
[ECO "A67"]
[WhiteElo "1826"]
[BlackElo "2703"]
[Annotator "TA"]
[PlyCount "139"]
[EventDate "2024.08.15"]
[EventType "swiss"]
[EventCountry "UAE"]
[SourceTitle "playchess.com"]
[Source "ChessBase"]
[SourceQuality "1"]
[TimeControl "5400+30"]

1. d4 Nf6 2. c4 c5 3. d5 e6 4. Nc3 exd5 5. cxd5 d6 6. e4 g6 7. f4 Bg7 8. Bb5+ Nfd7 9. a4 O-O 10. Nf3 Na6 11. O-O Nb4 12. h3 a6 13. Bc4 Rb8 (13... f5 $11) 14. Re1 $14 {[%emt 0:01:33] White is slightly better.} Re8 15. Be3 b5 16. axb5 Nb6 (16... axb5 $14 17. Bxb5 (17. Nxb5 Nb6 $15) 17... Bxc3 18. bxc3 Rxb5) 17. Bf1 $16 axb5 18. Bxb5 Bd7 {[%emt 0:00:34] Hoping for ...Bxb5.} 19. Bf1 Ra8 20. Qd2 Rxa1 21. Rxa1 Qc7 22. Rd1 Qc8 (22... f6 $16 23. e5 fxe5) 23. Bf2 Bh6 24. Re1 Qb7 25. g3 Na4 26. Bg2 Nb6 (26... Ra8 $16 27. e5 Nxc3) 27. e5 $18 f5 {[%emt 0:17:36] Inhibits Ne4.} 28. exd6 Rxe1+ 29. Nxe1 (29. Qxe1 Bf8 30. Bxc5 Nd3 $16) 29... Bf8 30. Bxc5 Na6 31. b4 Bg7 32. Qd3 {[%emt 0:04:55] Repels Nc4} Qc8 33. Bxb6 (33. Qe3 Nxc5 34. bxc5 Nc4 $16) 33... Nxb4 34. Qe3 Qxc3 35. Qe7 Qc8 36. Bc7 Qe8 $2 (36... Na6 37. Nf3 Bf8) 37. Ba5 $2 (37. Bf1 $18 {is more deadly.}) 37... Bd4+ $16 38. Kh2 Bc5 $2 (38... Qxe7 $16 {was worth a try.} 39. dxe7 Bc5) 39. Qe5 $18 {[%emt 0:00:34] Threatens to win with Qc3.} Qf8 40. Bc7 {[%emt 0:00:53] aiming for Bf1.} Na6 41. Nd3 {[%emt 0:00:27] Nxc5 is the strong threat.} Ba3 42. Qa1 Bxd6 43. Bxd6 ({Don't take} 43. Qxa6 Bxc7 44. Ne5 Bxe5 $18) 43... Qxd6 44. Ne5 {[%emt 0:00:09] Strongly threatening Nxd7.} Bb5 45. Qa5 Nc7 46. Qa7 Kg7 47. Qb8 g5 {[%emt 0:00:53] [#]} 48. Qh8+ $2 Kxh8 $16 49. Nf7+ Kg7 50. Nxd6 gxf4 51. gxf4 {[%emt 0:00:03][%mdl 4096] Endgame. KBN-KBN} ({Don't play} 51. Nxf5+ Kf6 52. Nh6 fxg3+ 53. Kxg3 Bd7 $11) 51... Kf6 52. Kg3 {[%emt 0:01:12] White is more active.} Bd3 {[%emt 0:00:50] [#]} (52... Ba6 $16 {was called for.}) 53. Nb7 $1 $18 Bb5 54. Kh4 (54. Kf2 $142) 54... Be8 $16 55. Bf3 Nb5 56. Bh5 ({White should try} 56. d6 $16) 56... Bd7 (56... Bxh5 $1 $11 {remains equal.} 57. Kxh5 Nc3) 57. Nc5 (57. d6 {looks sharper.} Bc6 58. Bf3 Bxb7 59. d7) 57... Ke7 (57... Bc8 $16) 58. Nxd7 $18 ({Not} 58. Kg5 Bc8 $16) 58... Kxd7 {[%emt 0:00:00] KB-KN} 59. Kg5 {[%emt 0:00:26][%cal Og5f6] Black must now prevent Kf6!} Nd4 60. Kf6 Kd6 61. Bf7 h6 62. h4 {[%emt 0:00:36][%cal Bh3h4,Bh4h5][%mdl 32] White mates.} Nf3 63. h5 Nd4 64. Be6 Ne2 65. Kxf5 Ke7 66. Ke5 Ng3 67. d6+ Ke8 68. Bg4 Kf7 69. f5 Kf8 70. d7 {[%emt 0:00:14] Weighted Error Value: White=0.33/Black=0.36.  Loses game:     	---       	Black=2      Missed win:     	White=1     	---        Mistake:       	White=3     	Black=7      Inaccurate:     	White=2     	Black=2      OK:         	White=17    	Black=18     Best:        	White=5     	Black=4      Strong:       	White=1     	---} 1-0

[Event "30th Abu Dhabi Festival A-Open 2024"]
[Site "Abu Dhabi"]
[Date "2024.08.20"]
[Round "5.9"]
[White "Saydaliev, Akobirkhon"]
[Black "Li, Yage"]
[Result "1-0"]
[ECO "E35"]
[WhiteElo "2266"]
[BlackElo "1949"]
[Annotator "RC"]
[PlyCount "89"]
[EventDate "2024.08.15"]
[EventType "swiss"]
[EventCountry "UAE"]
[SourceTitle "playchess.com"]
[Source "ChessBase"]
[SourceQuality "1"]
[TimeControl "5400+30"]

1. d4 Nf6 2. c4 e6 3. Nc3 Bb4 4. Qc2 d5 5. cxd5 exd5 6. Nf3 c5 7. Bd2 Nc6 8. dxc5 Bxc5 9. g3 Nb4 10. Qb3 Bf5 11. Rc1 Qe7 12. e3 O-O 13. Na4 Bd6 14. Nd4 Be4 15. f3 Bg6 16. Be2 Nc6 17. Nxc6 bxc6 18. Rxc6 d4 19. Rxd6 Qxd6 20. Bb4 Qc6 21. Bxf8 Rxf8 22. Qc4 Qxc4 23. Bxc4 Rc8 24. b3 Bd3 25. Nb2 Bxc4 26. Nxc4 dxe3 27. Ke2 Nd5 28. f4 Rc7 29. Kf3 Nc3 30. Kxe3 Nxa2 31. Ra1 Nb4 32. Ra5 Re7+ 33. Kd2 f6 34. Kc3 Nc6 35. Rc5 Nd8 36. Rc8 Rd7 37. b4 Kf7 38. b5 Ne6 39. Kb4 Rd1 40. f5 Nd4 41. Rc7+ Kf8 42. Na3 Nxf5 43. Rxa7 Ke8 44. b6 Kd8 45. Ra8+ 1-0

[Event "30th Abu Dhabi Festival A-Open 2024"]
[Site "Abu Dhabi"]
[Date "2024.08.20"]
[Round "5.10"]
[White "Diaz Villagran, Robert"]
[Black "Khalifah, Khaled"]
[Result "1-0"]
[ECO "B28"]
[WhiteElo "2268"]
[BlackElo "1991"]
[Annotator "RC"]
[PlyCount "47"]
[EventDate "2024.08.15"]
[EventType "swiss"]
[EventCountry "UAE"]
[SourceTitle "playchess.com"]
[Source "ChessBase"]
[SourceQuality "1"]
[TimeControl "5400+30"]

1. e4 c5 2. Nf3 a6 3. d3 Nc6 4. g3 e5 5. Bg2 d6 6. c3 Nf6 7. O-O Be7 8. Re1 O-O 9. h3 b6 10. d4 cxd4 11. cxd4 Bb7 12. Nc3 Rc8 13. Be3 exd4 14. Nxd4 Ne5 15. Nf5 Nc4 16. Bd4 Nxb2 17. Qd2 Nc4 18. Qg5 Ne8 19. Qxe7 Ba8 20. Nd5 b5 21. Rac1 Bxd5 22. exd5 Ra8 23. Re4 f6 24. Nh6+ 1-0

[Event "30th Abu Dhabi Festival A-Open 2024"]
[Site "Abu Dhabi"]
[Date "2024.08.20"]
[Round "5.11"]
[White "Aditya Varun Gampa"]
[Black "Nofal, Mohamed"]
[Result "1-0"]
[ECO "B12"]
[WhiteElo "2261"]
[BlackElo "1980"]
[Annotator "RC"]
[PlyCount "101"]
[EventDate "2024.08.15"]
[EventType "swiss"]
[EventCountry "UAE"]
[SourceTitle "playchess.com"]
[Source "ChessBase"]
[SourceQuality "1"]
[TimeControl "5400+30"]

1. e4 c6 2. d4 d5 3. e5 Bf5 4. h4 a6 5. g4 Bd7 6. h5 c5 7. dxc5 Nc6 8. f4 Qa5+ 9. Bd2 Qxc5 10. Nh3 e6 11. Nf2 Qb6 12. Nd3 Nb4 13. Nc3 Bc6 14. Bg2 Nxd3+ 15. cxd3 Qxb2 16. Rb1 Qa3 17. O-O Bc5+ 18. Kh2 Ba7 19. Qf3 Nh6 20. Kh3 O-O-O 21. Rb3 Qe7 22. Ne2 f6 23. d4 Kb8 24. Rfb1 Ka8 25. Ba5 Rd7 26. Bb6 g6 27. exf6 Qxf6 28. g5 Qf5+ 29. Kg3 Ng8 30. Bxa7 Kxa7 31. Bh3 Qf7 32. Qe3 Rd6 33. Qe5 Nf6 34. Qxf6 Qxf6 35. gxf6 Rf8 36. hxg6 hxg6 37. Ng1 Rxf6 38. Nf3 Rd7 39. Ne5 Rg7 40. Rb6 Bb5 41. Rxe6 Rxe6 42. Bxe6 Rc7 43. Bxd5 Rc2 44. a4 Bc6 45. Bxc6 bxc6 46. a5 Ka8 47. Rb6 g5 48. f5 g4 49. f6 Rc3+ 50. Kxg4 Rc1 51. Kf5 1-0

[Event "30th Abu Dhabi Festival A-Open 2024"]
[Site "Abu Dhabi"]
[Date "2024.08.20"]
[Round "5.12"]
[White "Kuandykuly, Danis"]
[Black "Harutyunyan, Arman G."]
[Result "1-0"]
[ECO "C90"]
[WhiteElo "2224"]
[BlackElo "1957"]
[Annotator "RC"]
[PlyCount "102"]
[EventDate "2024.08.15"]
[EventType "swiss"]
[EventCountry "UAE"]
[SourceTitle "playchess.com"]
[Source "ChessBase"]
[SourceQuality "1"]
[TimeControl "5400+30"]

1. e4 e5 2. Nf3 Nc6 3. Bb5 a6 4. Ba4 Nf6 5. O-O Be7 6. d3 b5 7. Bb3 d6 8. c3 Na5 9. Bc2 c5 10. Nbd2 Bb7 11. Re1 O-O 12. d4 cxd4 13. cxd4 Qc7 14. Nf1 Rfe8 15. Ng3 h6 16. b3 Rac8 17. Re2 exd4 18. Bb2 Nc6 19. Rc1 Qa5 20. Nxd4 Ne5 21. Bb1 Rxc1 22. Qxc1 Rc8 23. Qd1 Qb6 24. Ndf5 Bf8 25. Bd4 Qc7 26. Rc2 Qd8 27. Rxc8 Qxc8 28. f4 Ned7 29. Qd2 g6 30. e5 dxe5 31. fxe5 Ng4 32. Qf4 Ndxe5 33. h3 Qc7 34. Kh1 g5 35. Qf1 Nf6 36. Nxh6+ Bxh6 37. Qxf6 Qc1+ 38. Kh2 Qd2 39. Qf2 Qxf2 40. Bxf2 Bf8 41. Ne4 Be7 42. Bd4 Ng6 43. Kg1 f5 44. Ng3 Nf4 45. Nxf5 Bb4 46. Be3 Bxg2 47. Bxf4 Bxh3 48. Bxg5 Kf7 49. Kh2 Bf1 50. Bf4 Ke6 51. Ng3 Kd5 1-0

[Event "30th Abu Dhabi Festival A-Open 2024"]
[Site "Abu Dhabi"]
[Date "2024.08.21"]
[Round "6.1"]
[White "Lad Mandar Pradip"]
[Black "Md Imran"]
[Result "1/2-1/2"]
[ECO "E04"]
[WhiteElo "2254"]
[BlackElo "2225"]
[Annotator "RC"]
[PlyCount "36"]
[EventDate "2024.08.15"]
[EventType "swiss"]
[EventCountry "UAE"]
[SourceTitle "playchess.com"]
[Source "ChessBase"]
[SourceQuality "1"]
[TimeControl "5400+30"]

1. d4 Nf6 2. c4 e6 3. Nf3 d5 4. g3 a6 5. Bg2 dxc4 6. O-O Nc6 7. e3 Rb8 8. Nfd2 e5 9. Qa4 Bd7 10. Qxc4 Bd6 11. d5 b5 12. Qb3 Ne7 13. Nc3 O-O 14. Nce4 Nxe4 15. Nxe4 f5 16. Nxd6 cxd6 17. e4 fxe4 18. Bg5 h6 1/2-1/2

[Event "30th Abu Dhabi Festival A-Open 2024"]
[Site "Abu Dhabi"]
[Date "2024.08.21"]
[Round "6.2"]
[White "Manukyan, Sargis A."]
[Black "Samimi, Armin"]
[Result "1-0"]
[ECO "D00"]
[WhiteElo "2211"]
[BlackElo "2012"]
[Annotator "RC"]
[PlyCount "73"]
[EventDate "2024.08.15"]
[EventType "swiss"]
[EventCountry "UAE"]
[SourceTitle "playchess.com"]
[Source "ChessBase"]
[SourceQuality "1"]
[TimeControl "5400+30"]

1. d4 d5 2. Nc3 c5 3. e4 dxe4 4. Bb5+ Bd7 5. dxc5 Nf6 6. Bg5 Qa5 7. Bxf6 exf6 8. Bxd7+ Nxd7 9. a3 Qxc5 10. Nxe4 Qb6 11. Qe2 Qa5+ 12. Nc3+ Qe5 13. O-O-O Qxe2 14. Ngxe2 O-O-O 15. Nd4 Ne5 16. Ne4 a6 17. h3 Kc7 18. Rhe1 g6 19. Nxf6 Bg7 20. Rxe5 Bxf6 21. Re4 Rd7 22. c3 Rhd8 23. Kc2 Bg7 24. Rd2 Bh6 25. Rde2 Bf8 26. Nf3 f6 27. Re8 Rxe8 28. Rxe8 Bc5 29. Re2 b5 30. Nd2 f5 31. b4 Bb6 32. c4 bxc4 33. Nxc4 Bd4 34. Rd2 f4 35. f3 Kc6 36. Kb3 Rd5 37. Na5+ 1-0